 Dungeon Crawl Stone Soup version 0.31-a0-221-gbddc013574 (webtiles) character file.

Game seed: 11234635952290754280

805 bjtr the Digger (level 7, -1/47 HPs)
             Began as a Demonspawn Earth Elementalist on July 4, 2023.
             Slain by a gnoll
             ... wielding a +1 halberd of venom
             ... led by a gnoll bouda
              (7 damage)
             ... on level 5 of the Dungeon.
             The game lasted 00:33:07 (5219 turns).

bjtr the Digger (Demonspawn Earth Elementalist)     Turns: 5219, Time: 00:33:08

Health: -1/47      AC:  8    Str:  9    XL:     7   Next: 60%
Magic:  0/13       EV: 11    Int: 22    God:
Gold:   281        SH:  0    Dex: 13    Spells: 5/15 levels left

rFire   . . .        a - +1 trident "Ofyjou" {protect, Int+4}
rCold   + . .        (no shield)
rNeg    . . .        y - +2 leather armour {rC+}
rPois   .            (helmet restricted)
rElec   .            (no cloak)
rCorr   .            (no gloves)
SInv    .            r - +2 pair of boots
Will    .....        g - amulet of guardian spirit
Stlth   ++           (no ring)
HPRegen 0.27/turn    (no ring)
MPRegen 0.13/turn

%: guardian spirit
@: lethally poisoned (-1 -> -7)
A: antennae 2, spiny 1
a: no special abilities


You were on level 5 of the Dungeon.
You visited 2 branches of the dungeon, and saw 6 of its levels.

You collected 281 gold pieces.

Inventory:

Hand Weapons
 a - the +1 trident "Ofyjou" (weapon) {protect, Int+4}
   (You found it on level 5 of the Dungeon)

   Int:       It affects your intelligence (+4).
 b - a +0 sling
 l - a +1 dagger of speed
 p - a +0 short sword of draining
 s - a +0 whip
 v - a +0 long sword
Missiles
 i - 2 curare-tipped darts
 q - 3 silver boomerangs
 A - 5 poisoned darts
Armour
 h - a scarf of shadows
 r - a +2 pair of boots (worn)
 y - a +2 leather armour of cold resistance (worn)
Jewellery
 g - an amulet of guardian spirit (around neck)
Scrolls
 d - 2 scrolls of revelation {unknown}
 f - 3 scrolls of fog
 k - 2 scrolls of teleportation {unknown}
 o - 2 scrolls of acquirement {unknown}
 t - a scroll of vulnerability {unknown}
 u - 2 scrolls of amnesia
 w - a scroll of enchant armour
 x - 2 scrolls of silence
 z - 2 scrolls of fear {unknown}
 B - 4 scrolls of immolation {unknown}
Potions
 c - a potion of curing
 e - a potion of lignification
 j - a potion of cancellation
 m - 2 potions of magic
 n - 4 potions of heal wounds
 C - a potion of berserk rage {unknown}


   Skills:
 + Level 0.6 Fighting
 + Level 1.7 Armour
 + Level 2.2 Dodging
 + Level 2.2 Stealth
 + Level 4.5 Spellcasting
 - Level 0.8 Transmutations
 * Level 6.4 Earth Magic


You had 5 spell levels left.
You knew the following spells:

 Your Spells              Type           Power      Damage    Failure   Level
a - Sandblast             Erth           66%        2d15      1%          1
b - Passwall              Tmut/Erth      17%        N/A       4%          2
c - Stone Arrow           Conj/Erth      38%        3d9       12%         3
d - Petrify               Tmut/Erth      21%        N/A       32%         4

Your spell library contained the following spells:

 Spells                   Type           Power      Damage    Failure   Level
 Sting                    Tmut/Pois      24%        1d4       12%         1
 Poisonous Vapours        Pois/Air       10%        N/A       22%         2
 Dazzling Flash           Conj/Hex       10%        N/A       41%         3
 Volatile Blastmotes      Fire/Tloc      10%        2d10      41%         3
 Iskenderun's Mystic Bla  Conj/Tloc      5%         2d3       82%         4
 Olgreb's Toxic Radiance  Pois           5%         N/A       82%         4
 Starburst                Conj/Fire      2%         6d3       100%        6


Dungeon Overview and Level Annotations

Branches:
Dungeon (5/15)             Temple (1/1) D:4

Altars:
Ashenzari
Cheibriados
Gozag
Hepliaklqana
Kikubaaqudgha
Nemelex Xobeh
Qazlal
Sif Muna
Trog
Uskayaw
Xom

Shops:
D:1 ?


Innate Abilities, Weirdness & Mutations

You have a pair of antennae on your head.
You are partially covered in sharp spines.


Message History

The gnoll hits you but does no damage. The gnoll attacks as you move away!
The gnoll is struck by your spines. The gnoll hits you with a +0 whip.
You feel very sick.
You feel sick. The gnoll is struck by your spines.
The gnoll hits you with a +0 whip!
The gnoll hits you from afar with a +1 halberd of venom!
You are lethally poisoned!
* * * LOW HITPOINT WARNING * * *
You feel very sick.
The gnoll is no longer moving quickly.
You feel much better.
You feel very sick. The gnoll is struck by your spines.
The gnoll hits you with a +0 whip. The gnoll closely misses you.
Casting: Stone Arrow (dangerous; 12% risk of failure)
Confirm with . or Enter, or press ? or * to list all spells.
Aiming: Sandblast (safe; 1% risk of failure)
Press: ? - help, Shift-Dir - straight line, f - gnoll
Aim: a gnoll, wielding a +1 halberd of venom (86% to hit)
The blast of sand hits the gnoll but does no damage.
The gnoll is severely wounded.
You feel very sick. The gnoll is struck by your spines.
The gnoll barely misses you.
The gnoll hits you from afar with a +1 halberd of venom!
Casting: Sandblast (safe; 1% risk of failure)
Confirm with . or Enter, or press ? or * to list all spells.
Aiming: Sandblast (safe; 1% risk of failure)
Press: ? - help, Shift-Dir - straight line, f/p - gnoll
Aim: a gnoll, wielding a +1 halberd of venom (86% to hit)
The blast of sand misses the gnoll.
The blast of sand hits the gnoll.
The gnoll is moderately wounded.
You feel very sick.
The gnoll is no longer moving quickly.
The gnoll is struck by your spines. The gnoll hits you with a +0 whip!
* * * LOW HITPOINT WARNING * * *
The gnoll misses you. The gnoll is struck by your spines.
You kill the gnoll!
The gnoll hits you from afar with a +1 halberd of venom!
You die...

.....# #...# #....#
#..... .....######
##### #....# #.....
.....'....# ####.#
#..... .....####.#
######.###..... .#####
#.# #..(........... )#
#.# #.#######...... .#
#)# #.# ###...# ##
######'#########.#
###>.
#............@.#.# ###
#.......######)#'######
#.......# #g.......#
######### #........#
#........# #........#
#...(....# #........#
#........+


You could see a gnoll.

Vanquished Creatures
  Eustachio (D:5)
  A black bear (D:5)
  An ogre (D:5)
  A phantom (D:4)
  A bullfrog (D:5)
  2 orc priests (D:3)
  3 hounds
  A gnoll bouda (D:5)
  An orc wizard (D:4)
  2 gnolls (D:5)
  5 adders
  A white imp (D:5)
  5 worms
  4 dart slugs
  2 orcs (D:4)
  10 ball pythons
  6 bats
  5 endoplasms (D:1)
  3 giant cockroaches
  5 goblins
  4 hobgoblins
  A quokka (D:1)
  6 frilled lizards
  5 kobolds
  3 rats
79 creatures vanquished.

Notes
Turn   | Place    | Note
-------+----------+-------------------------------------------
     0 | D:1      | bjtr the Demonspawn Earth Elementalist began the quest for
                  | the Orb.
     0 | D:1      | Reached XP level 1. HP: 13/13 MP: 3/3
   112 | D:1      | Reached skill level 3 in Earth Magic
   150 | D:1      | Found Kaolial's Magic Scroll Emporium.
   219 | D:1      | Gained mutation: You have a pair of small antennae on your
                  | head. [demonic ancestry]
   219 | D:1      | Reached XP level 2. HP: 14/19 MP: 1/5
  1163 | D:2      | Gained mutation: You are partially covered in sharp spines.
                  | [demonic ancestry]
  1163 | D:2      | Reached XP level 3. HP: 24/24 MP: 3/6
  2310 | D:3      | Found a broken altar of Ashenzari.
  2321 | D:3      | Found a stormy altar of Qazlal.
  2396 | D:3      | Reached skill level 4 in Earth Magic
  2477 | D:3      | Reached XP level 4. HP: 30/30 MP: 3/7
  2814 | D:3      | Found a sparkling altar of Nemelex Xobeh.
  3156 | D:4      | Gained mutation: You have a pair of antennae on your head.
                  | [demonic ancestry]
  3156 | D:4      | Reached XP level 5. HP: 35/35 MP: 6/9
  3186 | D:4      | Learned a level 2 spell: Passwall
  3190 | D:4      | Learned a level 3 spell: Stone Arrow
  3195 | D:4      | Found a staircase to the Ecumenical Temple.
  3213 | Temple   | Entered the Ecumenical Temple
  3344 | D:4      | Noticed a phantom
  3808 | D:4      | Killed a phantom
  3809 | D:4      | Reached skill level 5 in Earth Magic
  3809 | D:4      | Reached XP level 6. HP: 30/41 MP: 2/11
  4252 | D:5      | Entered Level 5 of the Dungeon
  4273 | D:5      | Reached skill level 1 in Armour
  4332 | D:5      | Learned a level 4 spell: Petrify
  4343 | D:5      | Identified the +1 trident "Ofyjou" {protect, Int+4}
  4429 | D:5      | Reached XP level 7. HP: 36/47 MP: 6/13
  4491 | D:5      | Noticed Eustachio
  4719 | D:5      | Killed Eustachio
  4720 | D:5      | Reached skill level 6 in Earth Magic
  5004 | D:5      | Found a hide-covered altar of Uskayaw.
  5219 | D:5      | Slain by a gnoll

Illustrated notes

Levels and vault maps discovered:
D:1:      minmay_arrival_shoal_huts, layout_basic, serial_shops,
          nicolae_shop_stone, serial_rivers, chequers_serial_rivers_micro_e,
          chequers_serial_rivers_micro_b, chequers_serial_rivers_micro_b,
          chequers_serial_rivers_marsh, chequers_serial_rivers_large_a,
          chequers_serial_rivers_small_b, chequers_mini_garden
D:2:      layout_basic, basic_altar, kennysheep_generic_room_3
D:3:      layout_rooms, amcnicky_altar_gilded, nemelex_altar_shiori,
          cheibrodos_ashenzari_chains, minmay_fountain_box
D:4:      layout_cave_pools, minmay_temple_entry_statues
D:5:      layout_basic, lemuel_round_altar, uniq_eustachio
Temple:   nicolae_temple_two_arcs

Skill      XL: |  1  2  3  4  5  6  7 |
---------------+----------------------+-----
Earth Magic    | 3 4 5 6 |  6.4
Stealth        | 2 |  2.2
Spellcasting   | 3 4 |  4.5
Dodging        | 2 |  2.2
Armour         | 1 |  1.7
Fighting       | |  0.6
Transmutations | |  0.8

Action                     |  1- 3 |  4- 6 |  7- 9 || total
---------------------------+-------+-------+-------++-------
  Melee: Dagger            |     3 |       |       ||     3
         Short sword       |     2 |     7 |       ||     9
         Trident           |       |       |     2 ||     2
   Cast: Sandblast         |    62 |    61 |    11 ||   134
         Stone Arrow       |       |       |     2 ||     2
    Use: Scroll            |       |     8 |       ||     8
         Potion            |       |       |     1 ||     1
   Stab: Sleeping          |       |       |     1 ||     1
 Armour: Robe              |     2 |       |       ||     2
         Leather armour    |     2 |    18 |     7 ||    27
  Dodge: Dodged            |    18 |    29 |    10 ||    57

Table legend: (Time is in decaauts)
 A = Elapsed time spent in this place.
 B = Non-inter-level travel time spent in this place.
 C = Inter-level travel time spent in this place.
 D = Time resting spent in this place.
 E = Time spent auto-exploring this place.
 F = Levels seen in this place.
 G = Mean time per level.
                   A        B        C        D        E       F      G
               +--------+--------+--------+--------+--------+-----+--------+
         Total |   5299 |   5190 |    109 |   1068 |   3163 |   6 |  883.2 |
       Dungeon |   5175 |   5066 |    109 |   1068 |   3059 |   5 | 1035.0 |
        Temple |    123 |    123 |      0 |      0 |    104 |   1 |  123.0 |
               +--------+--------+--------+--------+--------+-----+--------+

Top non-repeatable levels by time:
     D:2: 1205 daAuts
     D:3: 1124 daAuts
     D:1: 1120 daAuts
     D:5: 978 daAuts
     D:4: 746 daAuts
  Temple: 123 daAuts
